 Dungeon Crawl Stone Soup version 0.30-a0-394-g3e4acdb0ae (webtiles) character file.

Game seed: 1748622081305043674

32 Krypt the Chopper (level 3, -5/33 HPs)
             Began as a Hill Orc Monk on Dec 6, 2022.
             Succumbed to a kobold's poison
             ... on level 2 of the Dungeon.
             The game lasted 00:02:38 (1449 turns).

Krypt the Chopper (Hill Orc Monk)                   Turns: 1449, Time: 00:02:38

Health: -5/33      AC:  5    Str: 15    XL:     3   Next: 27%
Magic:  3/3        EV: 12    Int: 10    God:
Gold:   14         SH:  0    Dex: 13    Spells: 2/2 levels left

rFire   . . .      SeeInvis .    a - +0 hand axe
rCold   . . .      Faith    .    (no shield)
rNeg    . . .      Spirit   .    g - +0 leather armour
rPois   .          Reflect  .    e - +0 helmet
rElec   .          Harm     .    (no cloak)
rCorr   .          Rampage  .    (no gloves)
Will    .....                    d - +0 pair of boots
Stlth   ++........               (no amulet)
HPRegen 0.25/turn                (no ring)
MPRegen 0.08/turn                (no ring)

@: lethally poisoned (-5 -> -28)
A: no striking features
a: no special abilities


You were on level 2 of the Dungeon.
You visited 1 branch of the dungeon, and saw 2 of its levels.

You collected 14 gold pieces.

Inventory:

Hand Weapons
 a - a +0 hand axe (weapon)
Missiles
 h - 10 stones (quivered)
Armour
 b - a +0 robe
 d - a +0 pair of boots (worn)
 e - a +0 helmet (worn)
 g - a +0 leather armour (worn)
Scrolls
 f - 3 scrolls of fear {unknown}
 j - a scroll of magic mapping {unknown}
 k - a scroll of teleportation {unknown}
Potions
 c - a potion of ambrosia
 i - a potion of degeneration {unknown}


   Skills:
 + Level 3.9 Fighting
 + Level 4.6 Axes
 + Level 0.2 Armour
 + Level 2.7 Dodging
 + Level 2.0 Stealth


You had 2 spell levels left.
You didn't know any spells.
Your spell library was empty.

Dungeon Overview and Level Annotations

Branches:
Dungeon (2/15)

Altars:


Message History

The hobgoblin is almost dead.
You hit the kobold but do no damage. The kobold hits you but does no damage.
You are poisoned.
The hobgoblin hits you.
You closely miss the hobgoblin.
The hobgoblin is almost dead.
You completely miss the kobold.
You feel very sick.
The kobold hits you with a +1 dagger of venom.
You are more poisoned.
The hobgoblin hits you.
You hit the hobgoblin.
You kill the hobgoblin!
You hit the kobold but do no damage.
You feel very sick.
The kobold hits you with a +1 dagger of venom.
You are lethally poisoned!
Your Stealth skill increases to level 2!
You miss the kobold.
You feel very sick.
The kobold hits you with a +1 dagger of venom.
You are more poisoned.
You are too injured to fight recklessly!
You are too injured to fight recklessly!
You are too injured to fight recklessly!
You hit the kobold.
The kobold is moderately wounded.
* * * LOW HITPOINT WARNING * * *
You feel very sick.
The kobold hits you with a +1 dagger of venom.
* * * LOW HITPOINT WARNING * * *
You barely miss the kobold.
The kobold is moderately wounded.
* * * LOW HITPOINT WARNING * * *
You feel very sick. The kobold hits you but does no damage.
You are more poisoned.
You hit the kobold.
You kill the kobold!
You die...

#....##### ###########
#.>... ..### #.........#
#....###... ##.........#
#........# ##..........#
#....†...#
...)........###........###
#...........##...##.......
........).....!.....#..###
#...†@.....###........
##...................#
#...........##.......
##..(.......##.####.#
#.............# #..
#..........#### #..
#.......!..# #..
#..........# ...
#.#......... ....


There were no monsters in sight!

Vanquished Creatures
  An adder (D:2)
  2 dart slugs (D:1)
  3 ball pythons
  3 endoplasms (D:1)
  A goblin (D:1)
  2 hobgoblins
  3 kobolds
  A bat (D:1)
  2 frilled lizards
  3 rats (D:1)
21 creatures vanquished.

Notes
Turn   | Place    | Note
-------+----------+-------------------------------------------
     0 | D:1      | Krypt the Hill Orc Monk began the quest for the Orb.
     0 | D:1      | Reached XP level 1. HP: 19/19 MP: 1/1
   304 | D:1      | Reached XP level 2. HP: 27/27 MP: 2/2
  1410 | D:2      | Reached XP level 3. HP: 31/33 MP: 3/3
  1448 | D:2      | HP: 1/33 [poisoned by a kobold]
  1449 | D:2      | Succumbed to a kobold's poison

Illustrated notes

Levels and vault maps discovered:
D:1:      matt_arrival_diagonals, layout_loops_corners
D:2:      cheibrodos_helix_gallery, layout_rooms, basic_altar,
          ebering_ecumenical_altar_webs, wander_ebering_terrifying_dragon_lair

Skill      XL: |  1  2  3 |
---------------+----------+-----
Stealth        | 2 |  2.0
Fighting       | |  3.9
Axes           | |  4.6
Armour         | |  0.2
Dodging        | |  2.7

Action                   || total
-------------------------++-------
Melee: Hand axe          ||    63
  Use: Scroll            ||     2
 Stab: Sleeping          ||     6
Armor: Leather armour    ||    15
Dodge: Dodged            ||    38

Table legend: (Time is in decaauts)
 A = Elapsed time spent in this place.
 B = Non-inter-level travel time spent in this place.
 C = Inter-level travel time spent in this place.
 D = Time resting spent in this place.
 E = Time spent auto-exploring this place.
 F = Levels seen in this place.
 G = Mean time per level.
                   A        B        C        D        E       F      G
               +--------+--------+--------+--------+--------+-----+--------+
         Total |   1453 |   1431 |     22 |    500 |    707 |   2 |  726.5 |
       Dungeon |   1453 |   1431 |     22 |    500 |    707 |   2 |  726.5 |
               +--------+--------+--------+--------+--------+-----+--------+

Top non-repeatable levels by time:
     D:1: 1399 daAuts
     D:2: 53 daAuts
